 Dungeon Crawl Stone Soup version 0.27.1-16-g815e20cd7a (webtiles) character file.

Game seed: 15138598471605036022

37 Descartes the Sneak (level 3, 0/19 HPs)
             Began as a Spriggan Delver on Nov 22, 2021.
             Slain by a hound (2 damage)
             ... on level 4 of the Dungeon.
             The game lasted 00:00:55 (485 turns).

Descartes the Sneak (Spriggan Delver)                Turns: 485, Time: 00:00:56

Health: 0/19       AC:  2    Str:  9    XL:     3   Next: 21%
Magic:  4/4        EV: 18    Int: 11    God:
Gold:   16         SH:  0    Dex: 16    Spells: 2/2 levels left

rFire    . . .     SeeInvis +   j - +2 dagger (venom)
rCold    . . .     Faith    .   (shield restricted)
rNeg     . . .     Spirit   .   b - +0 robe
rPois    .         Reflect  .   (helmet restricted)
rElec    .         Harm     .   (no cloak)
rCorr    .         Rampage  .   (gloves unavailable)
Will     .....                  (boots unavailable)
Stlth    ++++......             (no amulet)
HPRegen  0.06/turn              (no ring)
MPRegen  0.09/turn              (no ring)

@: very quick
A: very small, no large weapons, unfitting armour, see invisible, speed 3
a: no special abilities


You were on level 4 of the Dungeon.
You visited 1 branch of the dungeon, and saw 2 of its levels.

You collected 16 gold pieces.

Inventory:

Hand Weapons
 a - a +0 short sword
 j - a +2 dagger of venom (weapon)
Armour
 b - a +0 robe (worn)
Wands
 g - a wand of digging (3)
Scrolls
 c - a scroll of fog
 d - a scroll of magic mapping
 e - a scroll of fear
 i - a scroll of vulnerability {unknown}
Potions
 f - a potion of haste
 h - a potion of curing {unknown}


   Skills:
 - Level 2.5 Fighting
 + Level 2.7 Short Blades
 + Level 3.4 Dodging
 + Level 7.9 Stealth


You had 2 spell levels left.
You didn't know any spells.
Your spell library was empty.

Dungeon Overview and Level Annotations

Branches:
Dungeon (5/15)
 Temple: D:4-7

Altars:


Innate Abilities, Weirdness & Mutations

You are very small and have problems with some larger weapons.
You are too small for most types of armour.
You have supernaturally acute eyesight. (SInv)
You cover ground extremely quickly. (Speed+++)


Message History

The hound bites you but does no damage.
You hit the hound.
The hound looks as sick as possible!
The hound is severely wounded.
The hound bites you.
You are too injured to fight recklessly!
You are too injured to fight recklessly!
You are too injured to fight recklessly!
You are too injured to fight recklessly!
You hit the hound.
The hound looks as sick as possible!
The hound is almost dead.
You kill the hound!
Your Dodging skill increases to level 3!
You have reached level 2!
You have reached level 3!
Your experience leads to an increase in your attributes!
Increase (S)trength, (I)ntelligence, or (D)exterity?
You feel stronger.
A hound comes into view.
A gnoll comes into view. It is wielding a +0 spear.
The gnoll shouts!
You hear a shout!
A gnoll comes into view. It is wielding a +0 flail.
The gnoll moves out of view.
A gnoll comes into view. It is wielding a +0 halberd.
The gnoll barely misses you.
The gnoll hits you from afar with a +0 spear!
You see here a +0 leather armour.
The gnoll barely misses you.
You are too injured to fight recklessly!
You hit the hound.
The hound is lightly wounded.
The hound bites you but does no damage.
The gnoll hits you from afar with a +0 spear.
* * * LOW HITPOINT WARNING * * *
You hit the hound but do no damage.
The hound is poisoned.
The hound is lightly wounded.
The hound misses you. The gnoll misses you. The hound bites you.
* * * LOW HITPOINT WARNING * * *
The hound bites you.
You die...

. .#......# #..#.#
.. .......# ##....#
... #.....# ##..#..#
....#.....##
#..#####
...........# ##..#
........[..###..##
####......##...#
#......#...##
#.....g#..@)#####
#.....gg.h......##
#.................
#.....####..........
....### ##........#
...## ##.......# .##
#...?..## ##.....#
.......


You could see a hound (very poisoned) and 2 gnolls.

Vanquished Creatures
  A hound (D:4)
  2 orcs (D:5)
  A goblin (D:4)
4 creatures vanquished.

Notes
Turn   | Place    | Note
-------+----------+-------------------------------------------
     0 | D:5      | Descartes the Spriggan Delver began the quest for the Orb.
     0 | D:5      | Reached XP level 1. HP: 11/11 MP: 2/2
   328 | D:4      | Noticed a hound
   342 | D:4      | Killed a hound
   343 | D:4      | Reached XP level 2. HP: 5/16 MP: 3/3
   343 | D:4      | Reached XP level 3. HP: 6/19 MP: 4/4
   485 | D:4      | Slain by a hound

Illustrated notes

Levels and vault maps discovered:
D:4:      layout_cave_pods, mainiacjoe_overflow_chevrons, nicolae_shop_gadgets
D:5:      layout_rooms, makhleb_grotto_becter, temple_fountains,
          uniq_crazy_yiuf_cottage

Skill      XL: |  1 |
---------------+----+-----
Dodging        | 3 |  3.4
Fighting       | |  2.5
Short Blades   | |  2.7
Stealth        | |  7.9

Action                   || total
-------------------------++-------
Melee: Short sword       ||     7
       Dagger            ||     7
Armor: Robe              ||     3
Dodge: Dodged            ||     8
